APP
BLUEFIELD BLUE JAYS @ PULASKI YANKEES
06/01/2046
 
TOP OF THE 1ST
Bluefield Blue Jays batting - Pitching for Pulaski Yankees : RHP Eric Patrick
Pitching: RHP Eric Patrick
Batting: RHB David Cooper 0-0: Ball
1-0: Ground out 5-3 (Groundball, 56, EV 110.6 MPH)
Pitching: RHP Ben Cunningham
Batting: LHB Lothar Middelkoop 0-0: Fly out, F7 (Line Drive, 7LS, EV 94.4 MPH)
Batting: RHB John Hering 0-0: Ball
1-0: Ball
2-0: Ball
3-0: Called Strike
3-1: Called Strike
3-2: Foul Ball, location: 2F
3-2: Foul Ball, location: 2F
3-2: Fly out, F9 (Flyball, 9S, EV 87.5 MPH)
Top of the 1st over - 0 runs, 0 hits, 0 errors, 0 left on base; Bluefield 0 - Pulaski 0
BOTTOM OF THE 1ST
Pulaski Yankees batting - Pitching for Bluefield Blue Jays : RHP Scott Lowry
Pitching: RHP Scott Lowry
Batting: RHB Jonathan Iniguez 0-0: Ball
1-0: Foul Ball, location: 2F
1-1: Ground out 5-3 (Groundball, 5L, EV 84.4 MPH)
Batting: RHB Gonçalo Burhil 0-0: Ground out 5-3 (Groundball, 56S, EV 88.8 MPH)
Batting: SHB Corey Penson 0-0: Ball
1-0: Ball
2-0: Foul Ball, location: 2F
2-1: Foul Ball, location: 2F
2-2: Ground out 4-3 (Groundball, 34D, EV 110.6 MPH)
Bottom of the 1st over - 0 runs, 0 hits, 0 errors, 0 left on base; Bluefield 0 - Pulaski 0
TOP OF THE 2ND
Bluefield Blue Jays batting - Pitching for Pulaski Yankees : RHP Ben Cunningham
Batting: RHB Bill Murray 0-0: Ball
1-0: Foul Ball, location: 2F
1-1: Ball
2-1: Called Strike
2-2: DOUBLE (Flyball, 8LXD, EV 90.6 MPH)
Batting: LHB Eric Toney 0-0: Ball
Passed Ball!
Bill Murray to third
1-0: DOUBLE (Line Drive, 9LS, EV 108.8 MPH)
Bill Murray scores
Batting: SHB Dominik Hasek II 0-0: Fly out, F7 (Line Drive, 78M, EV 86.2 MPH)
Batting: RHB Carlos Bravo 0-0: Ball
1-0: Called Strike
1-1: Ball
2-1: Called Strike
2-2: Foul Ball, location: 2F
2-2: SINGLE (Groundball, 6MD, EV 106.2 MPH)
Eric Toney to third
Runner from 3rd tries for Home, SAFE, throw by CF to home
Pitching: RHP Jon Campbell
Batting: RHB Mike Johnson 0-0: SINGLE (Groundball, P, EV 91.2 MPH) (infield hit)
Carlos Bravo to second
Batting: RHB Shunsuke Shiba Inu 0-0: Ball
1-0: Swinging Strike
1-1: Called Strike
1-2: Foul Ball, location: 2F
1-2: Foul Ball, location: 2F
1-2: Reached on error, E6 (Groundball, 6, EV 91.9 MPH)
Carlos Bravo to third
Mike Johnson to second
Batting: RHB David Cooper 0-0: Ball
1-0: Ball
Wild Pitch!
Carlos Bravo scores
Mike Johnson to third
Shunsuke Shiba Inu to second
2-0: Foul Ball, location: 2F
2-1: Ground out 6-3 (Groundball, 6, EV 103.1 MPH)
Mike Johnson scores
Batting: LHB Lothar Middelkoop 0-0: Ball
Shunsuke Shiba Inu steals 3rd base
1-0: Ball
2-0: Ground out U3 (Groundball, 34S, EV 67.5 MPH)
Top of the 2nd over - 4 runs, 4 hits, 1 error, 1 left on base; Bluefield 4 - Pulaski 0
BOTTOM OF THE 2ND
Pulaski Yankees batting - Pitching for Bluefield Blue Jays : RHP Scott Lowry
Batting: LHB Steve LeGrand 0-0: Called Strike
0-1: Ball
1-1: Ground out U3 (Groundball, 13, EV 91.2 MPH)
Batting: RHB David Durr 0-0: Ball
1-0: Foul Ball, location: 2F
1-1: Fly out, F4 (Popup, 3DF, EV 48.1 MPH)
Batting: LHB Jared Zulkowski 0-0: Foul Ball, location: 2F
0-1: Ground out 4-3 (Groundball, 4, EV 96.9 MPH)
Bottom of the 2nd over - 0 runs, 0 hits, 0 errors, 0 left on base; Bluefield 4 - Pulaski 0
TOP OF THE 3RD
Bluefield Blue Jays batting - Pitching for Pulaski Yankees : RHP Jon Campbell
Batting: RHB John Hering 0-0: Swinging Strike
0-1: SINGLE (Groundball, 6S, EV 68.8 MPH) (infield hit)
Batting: RHB Bill Murray 0-0: Ball
1-0: Ball
John Hering steals 2nd base
2-0: Foul Ball, location: 2F
2-1: Called Strike
2-2: DOUBLE (Line Drive, 9LD, EV 108.1 MPH)
John Hering scores
Batting: LHB Eric Toney 0-0: Called Strike
0-1: Called Strike
Bill Murray steals 3rd base
0-2: Ball
1-2: Strikes out looking
Batting: SHB Dominik Hasek II 0-0: TRIPLE (Flyball, 8RXD, EV 95.0 MPH)
Bill Murray scores
Batting: RHB Carlos Bravo 0-0: Swinging Strike
0-1: Ball
Passed Ball!
Dominik Hasek II scores
1-1: Swinging Strike
1-2: Ground out 5-3 (Groundball, 56, EV 85.0 MPH)
Batting: RHB Mike Johnson 0-0: Ball
1-0: Ball
2-0: Foul Ball, location: 2F
2-1: Swinging Strike
2-2: Foul Ball, location: 2F
2-2: DOUBLE (Flyball, 89D, EV 100.0 MPH)
Batting: RHB Shunsuke Shiba Inu 0-0: Called Strike
0-1: Ball
1-1: Ball
Wild Pitch!
Mike Johnson to third
2-1: Swinging Strike
2-2: Ball
3-2: Foul Ball, location: 2F
3-2: Ground out U3 (Groundball, 3L, EV 85.0 MPH)
Top of the 3rd over - 3 runs, 4 hits, 0 errors, 1 left on base; Bluefield 7 - Pulaski 0
BOTTOM OF THE 3RD
Pulaski Yankees batting - Pitching for Bluefield Blue Jays : RHP Scott Lowry
Batting: LHB Sergio Huerta 0-0: Ball
1-0: Called Strike
1-1: Ground out 6-3 (Groundball, 6MD, EV 106.9 MPH)
Batting: LHB Matt Cusatis 0-0: Called Strike
0-1: Foul Ball, location: 2F
0-2: Ball
1-2: Ball
2-2: Ball
3-2: Foul Ball, location: 2F
3-2: Strikes out swinging
Batting: LHB Loo Lei 0-0: Ball
1-0: Called Strike
1-1: Called Strike
1-2: Strikes out swinging
Bottom of the 3rd over - 0 runs, 0 hits, 0 errors, 0 left on base; Bluefield 7 - Pulaski 0
TOP OF THE 4TH
Bluefield Blue Jays batting - Pitching for Pulaski Yankees : RHP Jon Campbell
Batting: RHB David Cooper 0-0: DOUBLE (Line Drive, 5D, EV 105.6 MPH)
Batting: LHB Lothar Middelkoop 0-0: Called Strike
0-1: Ball
1-1: Called Strike
1-2: Ball
2-2: Ground out 6-3 (Groundball, 6M, EV 88.8 MPH)
David Cooper to third
Batting: RHB John Hering 0-0: Called Strike
0-1: Ball
1-1: Ball
Passed Ball!
David Cooper scores
2-1: Called Strike
2-2: Hit by Pitch
Batting: RHB Bill Murray 0-0: Called Strike
0-1: Hit by Pitch
John Hering to second
Batting: LHB Eric Toney 0-0: Ball
1-0: Ball
Wild Pitch!
John Hering to third
Bill Murray to second
2-0: Ball
Passed Ball!
John Hering scores
Bill Murray to third
3-0: Called Strike
3-1: Base on Balls
Pitching: LHP Jessie Neal
Batting: SHB Dominik Hasek II 0-0: Called Strike
0-1: Called Strike
0-2: Strikes out swinging
Batting: RHB Carlos Bravo 0-0: Ball
Passed Ball!
Bill Murray scores
Eric Toney to second
1-0: Ball
2-0: Ball
3-0: Called Strike
3-1: Base on Balls
Batting: RHB Mike Johnson 0-0: Ball
1-0: Swinging Strike
1-1: SINGLE (Groundball, 4MD, EV 106.2 MPH)
Eric Toney to third
Carlos Bravo to second
Batting: RHB Shunsuke Shiba Inu 0-0: Ball
Wild Pitch!
Eric Toney scores
Carlos Bravo to third
Mike Johnson to second
1-0: Called Strike
1-1: Ball
2-1: Foul Ball, location: 2F
2-2: Foul Ball, location: 2F
2-2: Ball
3-2: Foul Ball, location: 2F
3-2: Foul Ball, location: 2F
3-2: Foul Ball, location: 2F
3-2: Foul Ball, location: 2F
3-2: Foul Ball, location: 2F
3-2: Base on Balls
Pitching: LHP Dustin Shaw
Batting: RHB David Cooper 0-0: Called Strike
0-1: Foul Ball, location: 2F
0-2: SINGLE (Line Drive, 4M, EV 99.4 MPH)
Carlos Bravo scores
Mike Johnson to third
Shunsuke Shiba Inu to second
Runner from 3rd tries for Home, SAFE, throw by CF to home
Pinch Hitting: RHB Stephen Casteel 0-0: Ball
1-0: Ball
2-0: Reached on error, E6 (Groundball, 6, EV 83.8 MPH)
Shunsuke Shiba Inu to third
David Cooper to second
Batting: RHB John Hering 0-0: Swinging Strike
0-1: Ball
Passed Ball!
Shunsuke Shiba Inu scores
David Cooper to third
Stephen Casteel to second
1-1: Ball
2-1: Ball
3-1: Base on Balls
Batting: RHB Bill Murray 0-0: Ball
Passed Ball!
David Cooper scores
Stephen Casteel to third
John Hering to second
1-0: Swinging Strike
Passed Ball!
Stephen Casteel scores
John Hering to third
1-1: 2-RUN HOME RUN (Flyball, 7LD, EV 96.2 MPH), Distance : 342 ft
Batting: LHB Eric Toney 0-0: Ground out U3 (Groundball, 34S, EV 85.6 MPH)
Top of the 4th over - 11 runs, 4 hits, 1 error, 0 left on base; Bluefield 18 - Pulaski 0
BOTTOM OF THE 4TH
Pulaski Yankees batting - Pitching for Bluefield Blue Jays : RHP Scott Lowry
Now at SS: Stephen Casteel
Batting: RHB Jonathan Iniguez 0-0: Foul Ball, location: 2F
0-1: Ball
1-1: Ball
2-1: DOUBLE (Line Drive, 9LD, EV 105.6 MPH)
Batting: RHB Gonçalo Burhil 0-0: Ground out 4-3 (Groundball, 34, EV 85.6 MPH)
Jonathan Iniguez to third
Batting: SHB Corey Penson 0-0: Ball
1-0: Foul Ball, location: 2F
1-1: Fly out, F7 (Line Drive, 7, EV 93.1 MPH)
Batting: LHB Steve LeGrand 0-0: Called Strike
0-1: Ball
Wild Pitch!
Jonathan Iniguez scores
1-1: Foul Ball, location: 2F
1-2: Ball
2-2: Ball
3-2: Foul Ball, location: 2F
3-2: DOUBLE (Line Drive, 89M, EV 108.1 MPH) - OUT at third base trying to stretch hit.
Bottom of the 4th over - 1 run, 2 hits, 0 errors, 0 left on base; Bluefield 18 - Pulaski 1
TOP OF THE 5TH
Bluefield Blue Jays batting - Pitching for Pulaski Yankees : LHP Dustin Shaw
Batting: SHB Dominik Hasek II 0-0: Called Strike
0-1: Ball
1-1: Swinging Strike
1-2: Ball
2-2: Strikes out swinging
Pitching: LHP Alex Ramirez
Batting: RHB Carlos Bravo 0-0: Fly out, F9 (Flyball, 9, EV 80.0 MPH)
Batting: RHB Mike Johnson 0-0: Ball
1-0: Ball
2-0: Ball
3-0: Called Strike
3-1: Foul Ball, location: 2F
3-2: Base on Balls
Batting: RHB Shunsuke Shiba Inu 0-0: Ball
1-0: Ball
Passed Ball!
Mike Johnson to second
2-0: Ball
3-0: Base on Balls
Batting: RHB David Cooper 0-0: Ground out 6-3 (Groundball, 56, EV 101.9 MPH)
Top of the 5th over - 0 runs, 0 hits, 0 errors, 2 left on base; Bluefield 18 - Pulaski 1
BOTTOM OF THE 5TH
Pulaski Yankees batting - Pitching for Bluefield Blue Jays : RHP Scott Lowry
Batting: RHB David Durr 0-0: SINGLE (Groundball, 56D, EV 99.4 MPH)
Batting: LHB Jared Zulkowski 0-0: Called Strike
0-1: Foul Ball, location: 2F
0-2: Strikes out swinging
Batting: LHB Sergio Huerta 0-0: Swinging Strike
0-1: Ball
1-1: Swinging Strike
1-2: Ball
2-2: Foul Ball, location: 2F
2-2: Ball
3-2: Strikes out swinging
Batting: LHB Matt Cusatis 0-0: Ball
1-0: Swinging Strike
1-1: Swinging Strike
1-2: Strikes out swinging
Bottom of the 5th over - 0 runs, 1 hit, 0 errors, 1 left on base; Bluefield 18 - Pulaski 1
TOP OF THE 6TH
Bluefield Blue Jays batting - Pitching for Pulaski Yankees : LHP Alex Ramirez
Batting: RHB Stephen Casteel 0-0: Called Strike
0-1: DOUBLE (Line Drive, 9LS, EV 100.0 MPH)
Batting: RHB John Hering 0-0: Ball
Passed Ball!
Stephen Casteel to third
1-0: Ball
2-0: Called Strike
2-1: Ball
Passed Ball!
Stephen Casteel scores
3-1: Called Strike
3-2: TRIPLE (Line Drive, 89XD, EV 104.4 MPH)
Batting: RHB Bill Murray 0-0: SINGLE (Line Drive, 6MD, EV 96.2 MPH)
John Hering scores
Batting: LHB Eric Toney 0-0: Ball
Passed Ball!
Bill Murray to second
1-0: Ball
Passed Ball!
Bill Murray to third
2-0: Foul Ball, location: 2F
2-1: Swinging Strike
2-2: Foul Ball, location: 2F
2-2: Ground out 6-3 (Groundball, 6, EV 86.9 MPH)
Bill Murray scores
Batting: SHB Dominik Hasek II 0-0: Called Strike
0-1: Foul Ball, location: 2F
0-2: Ground out 5-3 (Groundball, 56S, EV 68.1 MPH)
Batting: RHB Carlos Bravo 0-0: Ball
1-0: Called Strike
1-1: Fly out, F7 (Flyball, 7LM, EV 82.5 MPH)
Top of the 6th over - 3 runs, 3 hits, 0 errors, 0 left on base; Bluefield 21 - Pulaski 1
BOTTOM OF THE 6TH
Pulaski Yankees batting - Pitching for Bluefield Blue Jays : RHP Scott Lowry
Batting: LHB Loo Lei 0-0: Ball
1-0: Ball
2-0: Called Strike
2-1: Called Strike
2-2: Foul Ball, location: 2F
2-2: Ground out 5-3 (Groundball, 56S, EV 70.0 MPH)
Batting: RHB Jonathan Iniguez 0-0: SINGLE (Line Drive, 6D, EV 95.6 MPH)
Batting: RHB Gonçalo Burhil 0-0: Called Strike
0-1: Called Strike
Jonathan Iniguez steals 2nd base
0-2: Ball
1-2: Ground out U3 (Groundball, 3, EV 87.5 MPH)
Jonathan Iniguez to third
Batting: SHB Corey Penson 0-0: Ball
1-0: Ground out 4-3 (Groundball, 4M, EV 92.5 MPH)
Bottom of the 6th over - 0 runs, 1 hit, 0 errors, 1 left on base; Bluefield 21 - Pulaski 1
TOP OF THE 7TH
Bluefield Blue Jays batting - Pitching for Pulaski Yankees : LHP Alex Ramirez
Batting: RHB Mike Johnson 0-0: Ground out 5-3 (Groundball, 5L, EV 105.6 MPH)
Batting: RHB Shunsuke Shiba Inu 0-0: Foul Ball, location: 2F
0-1: Foul Ball, location: 2F
0-2: Foul Ball, location: 2F
0-2: Ball
1-2: Foul Ball, location: 2F
1-2: SOLO HOME RUN (Flyball, 7LD, EV 94.4 MPH), Distance : 346 ft
Batting: RHB David Cooper 0-0: Called Strike
0-1: Foul Ball, location: 2F
0-2: Ball
1-2: Strikes out looking
Batting: RHB Stephen Casteel 0-0: Ball
1-0: Ball
2-0: Ball
3-0: Called Strike
3-1: Ground out 3-1 (Groundball, 34S, EV 81.9 MPH)
Top of the 7th over - 1 run, 1 hit, 0 errors, 0 left on base; Bluefield 22 - Pulaski 1
BOTTOM OF THE 7TH
Pulaski Yankees batting - Pitching for Bluefield Blue Jays : RHP Scott Lowry
Batting: LHB Steve LeGrand 0-0: Ground out 4-3 (Groundball, 4, EV 80.6 MPH)
Batting: RHB David Durr 0-0: Swinging Strike
0-1: Ball
1-1: Ball
2-1: Foul Ball, location: 2F
2-2: Foul Ball, location: 2F
2-2: Strikes out swinging
Batting: LHB Jared Zulkowski 0-0: Ball
1-0: Called Strike
1-1: Foul Ball, location: 2F
1-2: Ground out 6-3 (Groundball, 6, EV 82.5 MPH)
Bottom of the 7th over - 0 runs, 0 hits, 0 errors, 0 left on base; Bluefield 22 - Pulaski 1
TOP OF THE 8TH
Bluefield Blue Jays batting - Pitching for Pulaski Yankees : LHP Alex Ramirez
Batting: RHB John Hering 0-0: Ball
1-0: Fly out, F9 (Flyball, 89S, EV 96.2 MPH)
Batting: RHB Bill Murray 0-0: Called Strike
0-1: Ball
1-1: Ball
2-1: Swinging Strike
2-2: SINGLE (Groundball, 5S, EV 70.0 MPH) (infield hit)
Batting: LHB Eric Toney 0-0: Ball
1-0: Called Strike
1-1: Ball
2-1: Ball
Wild Pitch!
Bill Murray to second
3-1: Ground out 4-3 (Groundball, 4, EV 111.2 MPH)
Bill Murray to third
Batting: SHB Dominik Hasek II 0-0: DOUBLE (Flyball, 8RXD, EV 96.2 MPH)
Bill Murray scores
Batting: RHB Carlos Bravo 0-0: Called Strike
0-1: Ball
1-1: Ball
2-1: Ball
3-1: Called Strike
3-2: Fly out, F7 (Line Drive, 7LM, EV 89.4 MPH)
Top of the 8th over - 1 run, 2 hits, 0 errors, 1 left on base; Bluefield 23 - Pulaski 1
BOTTOM OF THE 8TH
Pulaski Yankees batting - Pitching for Bluefield Blue Jays : RHP Scott Lowry
Pitching: LHP William Capuano
Batting: LHB Sergio Huerta 0-0: Ball
1-0: Called Strike
1-1: Called Strike
1-2: Foul Ball, location: 2F
1-2: Ball
2-2: Strikes out swinging
Batting: LHB Matt Cusatis 0-0: Ball
1-0: Called Strike
1-1: SINGLE (Groundball, 56D, EV 95.0 MPH)
Batting: LHB Loo Lei 0-0: Bunted foul
0-1: Bunted foul
0-2: Ball
1-2: Ball
2-2: Ball
3-2: Bunt missed, Strikeout!
Batting: RHB Jonathan Iniguez 0-0: Called Strike
0-1: Called Strike
0-2: Foul Ball, location: 2F
0-2: Foul Ball, location: 2F
0-2: Fly out, F9 (Line Drive, 89M, EV 89.4 MPH)
Bottom of the 8th over - 0 runs, 1 hit, 0 errors, 1 left on base; Bluefield 23 - Pulaski 1
TOP OF THE 9TH
Bluefield Blue Jays batting - Pitching for Pulaski Yankees : LHP Alex Ramirez
Batting: RHB Mike Johnson 0-0: Swinging Strike
0-1: Ground out 5-3 (Groundball, 56, EV 108.8 MPH)
Batting: RHB Shunsuke Shiba Inu 0-0: Swinging Strike
0-1: Ball
1-1: Ball
2-1: Ball
3-1: Base on Balls
Batting: RHB David Cooper 0-0: Swinging Strike
Passed Ball!
Shunsuke Shiba Inu to second
0-1: Ball
1-1: Ball
Wild Pitch!
Shunsuke Shiba Inu to third
2-1: Ball
3-1: Base on Balls
Batting: RHB Stephen Casteel 0-0: SINGLE (Line Drive, 4M, EV 95.6 MPH)
Shunsuke Shiba Inu scores
David Cooper to second
Batting: RHB John Hering 0-0: Foul Ball, location: 2F
0-1: DOUBLE (Groundball, 3L, EV 97.5 MPH)
David Cooper scores
Stephen Casteel to third
Batting: RHB Bill Murray 0-0: Ball
1-0: Ball
2-0: Ball
3-0: Base on Balls
Batting: LHB Eric Toney 0-0: Ball
1-0: Ball
2-0: Ball
3-0: Base on Balls
Stephen Casteel scores
John Hering to third
Bill Murray to second
Batting: SHB Dominik Hasek II 0-0: Fielders Choice at 2nd, 4-6 (Groundball, 4, EV 93.1 MPH)
John Hering scores
Bill Murray to third
Batting: RHB Carlos Bravo 0-0: Fly out, F8 (Line Drive, 8LM, EV 96.2 MPH)
Top of the 9th over - 4 runs, 2 hits, 0 errors, 2 left on base; Bluefield 27 - Pulaski 1
BOTTOM OF THE 9TH
Pulaski Yankees batting - Pitching for Bluefield Blue Jays : LHP William Capuano
Batting: RHB Gonçalo Burhil 0-0: Foul Ball, location: 2F
0-1: Ball
1-1: Fly out, F9 (Flyball, 9D, EV 108.8 MPH)
Batting: SHB Corey Penson 0-0: SINGLE (Groundball, 15S, EV 70.0 MPH) (infield hit)
Batting: LHB Steve LeGrand 0-0: Ball
1-0: Ball
2-0: Fielders Choice at 2nd, 3-6 (Groundball, 34, EV 110.0 MPH)
Batting: RHB David Durr 0-0: Ball
1-0: Foul Ball, location: 2F
1-1: Ball
2-1: Foul Ball, location: 2F
2-2: Ball
3-2: Strikes out swinging
Bottom of the 9th over - 0 runs, 1 hit, 0 errors, 1 left on base; Bluefield 27 - Pulaski 1
Tuesday, September 13th , 2022 - OOTP Baseball 23.7 Build 88